TOP OF THE 1ST |
Athletic Club KC U-21 batting - Pitching for Idaho Falls Chukars : RHP Lorenzo López
|
Pitching: RHP Lorenzo López
|
|
Batting: RHB Aurelio Álvarez
|
0-0: Foul Ball, location: 2F 0-1: Ball 1-1: Fly out, F3 (Popup, 3SF)
|
Batting: RHB Chris Costa
|
0-0: Ball 1-0: Ball 2-0: Ball 3-0: Called Strike 3-1: Foul Ball, location: 2F 3-2: Foul Ball, location: 2F 3-2: Foul Ball, location: 2F 3-2: SINGLE (Groundball, 6MD)
|
Batting: LHB Michael Landry
|
0-0: SINGLE (Groundball, 6MD) Chris Costa to second
|
Batting: SHB Fernando Luna
|
0-0: Swinging Strike 0-1: SINGLE (Groundball, 56) Chris Costa to third Michael Landry to second Runner from 3rd tries for Home, SAFE, throw made home
|
Batting: LHB Naohiro Sakai
|
0-0: Called Strike 0-1: Ball 1-1: Foul Ball, location: 2F 1-2: SINGLE (Line Drive, 34D) Michael Landry to third Fernando Luna to second Runner from 3rd tries for Home, SAFE, no throw or cutoff
|
Batting: RHB Geoff Rivers
|
0-0: Ball 1-0: Ball 2-0: Ball 3-0: Called Strike 3-1: Called Strike 3-2: Grounds into double play, 5-4-3 (Groundball, 56)
|
Top of the 1st over - 2 run(s), 4 hit(s), 0 error(s), 1 left on base; Athletic Club KC 2 - Idaho Falls 0 |
BOTTOM OF THE 1ST |
Idaho Falls Chukars batting - Pitching for Athletic Club KC U-21 : RHP Haden Pittman
|
Pitching: RHP Haden Pittman
|
|
Batting: LHB Randy Schlosser
|
0-0: Swinging Strike 0-1: Bunt - Flyout! F1
|
Batting: RHB Jung-hwan Kwon
|
0-0: DOUBLE (Flyball, 9LM)
|
Batting: LHB Ned Durand
|
0-0: Ball Wild Pitch! Jung-hwan Kwon to third 1-0: Foul Ball, location: 2F 1-1: Foul Ball, location: 2F 1-2: Strikes out swinging
|
Batting: RHB Kenny Rush
|
0-0: Ball 1-0: Foul Ball, location: 2F 1-1: Called Strike 1-2: Strikes out looking
|
Bottom of the 1st over - 0 run(s), 1 hit(s), 0 error(s), 1 left on base; Athletic Club KC 2 - Idaho Falls 0 |
TOP OF THE 2ND |
Athletic Club KC U-21 batting - Pitching for Idaho Falls Chukars : RHP Lorenzo López
|
Batting: SHB Eric Moore
|
0-0: Ball 1-0: Foul Ball, location: 2F 1-1: Swinging Strike 1-2: Foul Ball, location: 2F 1-2: Strikes out swinging
|
Batting: RHB Iván Chacón
|
0-0: Ball 1-0: SINGLE (Line Drive, 34)
|
Batting: RHB Diego Bonilla
|
0-0: Ball 1-0: Ball 2-0: Called Strike 2-1: Swinging Strike 2-2: Foul Ball, location: 2F 2-2: Foul Ball, location: 2F 2-2: Strikes out looking
|
Batting: RHB Aurelio Álvarez
|
0-0: Called Strike Iván Chacón is caught stealing 2nd base
|
Top of the 2nd over - 0 run(s), 1 hit(s), 0 error(s), 0 left on base; Athletic Club KC 2 - Idaho Falls 0 |
BOTTOM OF THE 2ND |
Idaho Falls Chukars batting - Pitching for Athletic Club KC U-21 : RHP Haden Pittman
|
Batting: LHB Ramón Félix
|
0-0: Called Strike 0-1: Foul Ball, location: 2F 0-2: Ball 1-2: Foul Ball, location: 2F Single, Error in OF, E9, batter to second base
|
Batting: RHB Adrian Rodgers
|
0-0: Called Strike 0-1: Foul Ball, location: 2F 0-2: Fly out, F3 (Popup, 23)
|
Batting: RHB Ted Stephens
|
0-0: Called Strike 0-1: Ground out 6-3 (Groundball, 6)
|
Batting: LHB Magali Lenidas
|
0-0: Ball 1-0: Foul Ball, location: 2F 1-1: Swinging Strike 1-2: Ball 2-2: Foul Ball, location: 2F 2-2: Foul Ball, location: 2F 2-2: Ball 3-2: SINGLE (Flyball, 9S) Ramón Félix to third Ramón Félix scores
|
Batting: RHB Fernando Granados
|
0-0: Foul Ball, location: 2F 0-1: Foul Ball, location: 2F 0-2: Ball 1-2: Strikes out swinging
|
Bottom of the 2nd over - 1 run(s), 2 hit(s), 1 error(s), 1 left on base; Athletic Club KC 2 - Idaho Falls 1 |
TOP OF THE 3RD |
Athletic Club KC U-21 batting - Pitching for Idaho Falls Chukars : RHP Lorenzo López
|
Batting: RHB Aurelio Álvarez
|
0-0: Foul Ball, location: 2F 0-1: Foul Ball, location: 2F 0-2: Ball 1-2: Ball 2-2: Ball 3-2: Reached on error, E5 (Groundball, 5S)
|
Batting: RHB Chris Costa
|
0-0: Ball 1-0: Foul Ball, location: 2F 1-1: Swinging Strike 1-2: Ball 2-2: Ball 3-2: Foul Ball, location: 2F 3-2: Strikes out looking
|
Batting: LHB Michael Landry
|
0-0: Called Strike 0-1: Ball 1-1: Ball 2-1: Foul Ball, location: 2F 2-2: Foul Ball, location: 2F 2-2: Fly out, F8 (Line Drive, 8LM)
|
Batting: SHB Fernando Luna
|
0-0: Called Strike 0-1: Foul Ball, location: 2F 0-2: Ball Aurelio Álvarez steals 2nd base 1-2: Foul Ball, location: 2F 1-2: Ball 2-2: Foul Ball, location: 2F 2-2: Fly out, F8 (Flyball, 8LM)
|
Top of the 3rd over - 0 run(s), 0 hit(s), 1 error(s), 1 left on base; Athletic Club KC 2 - Idaho Falls 1 |
BOTTOM OF THE 3RD |
Idaho Falls Chukars batting - Pitching for Athletic Club KC U-21 : RHP Haden Pittman
|
Batting: LHB Randy Schlosser
|
0-0: Ball 1-0: Ball 2-0: Fly out, F1 (Popup, 25)
|
Batting: RHB Jung-hwan Kwon
|
0-0: Swinging Strike 0-1: Ball 1-1: Foul Ball, location: 2F 1-2: SINGLE (Groundball, 4M)
|
Batting: LHB Ned Durand
|
0-0: Hit by Pitch Jung-hwan Kwon to second
|
Batting: RHB Kenny Rush
|
0-0: Fly out, F2 (Popup, 2RF)
|
Batting: LHB Ramón Félix
|
0-0: Called Strike 0-1: Ball 1-1: Ball 2-1: Foul Ball, location: 2F 2-2: Ball 3-2: Foul Ball, location: 2F 3-2: Base on Balls Jung-hwan Kwon to third Ned Durand to second
|
Batting: RHB Adrian Rodgers
|
0-0: Fly out, F9 (Flyball, 89M)
|
Bottom of the 3rd over - 0 run(s), 1 hit(s), 0 error(s), 3 left on base; Athletic Club KC 2 - Idaho Falls 1 |
TOP OF THE 4TH |
Athletic Club KC U-21 batting - Pitching for Idaho Falls Chukars : RHP Lorenzo López
|
Batting: LHB Naohiro Sakai
|
0-0: Called Strike 0-1: Ground out 4-3 (Groundball, 4M)
|
Batting: RHB Geoff Rivers
|
0-0: Foul Ball, location: 2F 0-1: SINGLE (Flyball, 78S)
|
Batting: SHB Eric Moore
|
0-0: Ball 1-0: Ground out 3-1 (Groundball, 34) Geoff Rivers to second
|
Batting: RHB Iván Chacón
|
0-0: Ball 1-0: Called Strike 1-1: Swinging Strike 1-2: Ball 2-2: Fly out, F8 (Flyball, 8LM)
|
Top of the 4th over - 0 run(s), 1 hit(s), 0 error(s), 1 left on base; Athletic Club KC 2 - Idaho Falls 1 |
BOTTOM OF THE 4TH |
Idaho Falls Chukars batting - Pitching for Athletic Club KC U-21 : RHP Haden Pittman
|
Batting: RHB Ted Stephens
|
0-0: Called Strike 0-1: Swinging Strike 0-2: Strikes out looking
|
Batting: LHB Magali Lenidas
|
0-0: Ball 1-0: Fly out, F9 (Flyball, 89XD)
|
Batting: RHB Fernando Granados
|
0-0: Ground out 4-3 (Groundball, 4M)
|
Bottom of the 4th over - 0 run(s), 0 hit(s), 0 error(s), 0 left on base; Athletic Club KC 2 - Idaho Falls 1 |
TOP OF THE 5TH |
Athletic Club KC U-21 batting - Pitching for Idaho Falls Chukars : RHP Lorenzo López
|
Batting: RHB Diego Bonilla
|
0-0: Ball 1-0: SINGLE (Line Drive, 9S)
|
Batting: RHB Aurelio Álvarez
|
0-0: Ball 1-0: Swinging Strike 1-1: Sac Bunt - play at first, batter OUT! 1-4 Diego Bonilla to second
|
Pitching: RHP Shotaro Sugahara
|
|
Batting: RHB Chris Costa
|
0-0: Called Strike 0-1: Foul Ball, location: 2F 0-2: Ball 1-2: Ball 2-2: Strikes out swinging
|
Batting: LHB Michael Landry
|
0-0: SINGLE (Flyball, 8LM) Diego Bonilla to third Runner from 3rd tries for Home, SAFE, no throw or cutoff
|
Batting: SHB Fernando Luna
|
0-0: Called Strike 0-1: Ball 1-1: SINGLE (Flyball, 8LS) Michael Landry to second
|
Batting: LHB Naohiro Sakai
|
0-0: Ball 1-0: Swinging Strike 1-1: SINGLE (Groundball, 34D) Michael Landry to third Fernando Luna to second Runner from 3rd tries for Home, SAFE, no throw or cutoff
|
Batting: RHB Geoff Rivers
|
0-0: Called Strike 0-1: Swinging Strike 0-2: Foul Ball, location: 2F 0-2: Ball Wild Pitch! Fernando Luna to third Naohiro Sakai to second 1-2: Ball 2-2: Ball 3-2: Foul Ball, location: 2F 3-2: Strikes out swinging
|
Top of the 5th over - 2 run(s), 4 hit(s), 0 error(s), 2 left on base; Athletic Club KC 4 - Idaho Falls 1 |
BOTTOM OF THE 5TH |
Idaho Falls Chukars batting - Pitching for Athletic Club KC U-21 : RHP Haden Pittman
|
Batting: LHB Randy Schlosser
|
0-0: Called Strike 0-1: Ball 1-1: Ground out U3 (Groundball, 3)
|
Batting: RHB Jung-hwan Kwon
|
0-0: Ball 1-0: Ball 2-0: Foul Ball, location: 2F 2-1: Foul Ball, location: 2F 2-2: Fly out, F8 (Flyball, 8LM)
|
Batting: LHB Ned Durand
|
0-0: Ball 1-0: Ball 2-0: Called Strike 2-1: Fly out, F8 (Flyball, 8LM)
|
Bottom of the 5th over - 0 run(s), 0 hit(s), 0 error(s), 0 left on base; Athletic Club KC 4 - Idaho Falls 1 |
TOP OF THE 6TH |
Athletic Club KC U-21 batting - Pitching for Idaho Falls Chukars : RHP Shotaro Sugahara
|
Batting: SHB Eric Moore
|
0-0: Ball 1-0: Fly out, F8 (Flyball, 8RD)
|
Batting: RHB Iván Chacón
|
0-0: Ball 1-0: Ball 2-0: Ball 3-0: Called Strike 3-1: Base on Balls
|
Batting: RHB Diego Bonilla
|
0-0: Foul Ball, location: 2F 0-1: Swinging Strike 0-2: Ball 1-2: Ball 2-2: Strikes out swinging Iván Chacón steals 2nd base Batter strikes out.
|
Batting: RHB Aurelio Álvarez
|
0-0: Ball 1-0: Called Strike 1-1: Swinging Strike 1-2: Strikes out looking
|
Top of the 6th over - 0 run(s), 0 hit(s), 0 error(s), 1 left on base; Athletic Club KC 4 - Idaho Falls 1 |
BOTTOM OF THE 6TH |
Idaho Falls Chukars batting - Pitching for Athletic Club KC U-21 : RHP Haden Pittman
|
Batting: RHB Kenny Rush
|
0-0: Called Strike 0-1: Ball 1-1: Ball 2-1: Foul Ball, location: 2F 2-2: Ground out 3-1 (Groundball, 34)
|
Batting: LHB Ramón Félix
|
0-0: SINGLE (Groundball, 4MD)
|
Batting: RHB Adrian Rodgers
|
0-0: Grounds into double play, 5-4-3 (Groundball, 5)
|
Bottom of the 6th over - 0 run(s), 1 hit(s), 0 error(s), 0 left on base; Athletic Club KC 4 - Idaho Falls 1 |
TOP OF THE 7TH |
Athletic Club KC U-21 batting - Pitching for Idaho Falls Chukars : RHP Shotaro Sugahara
|
Batting: RHB Chris Costa
|
0-0: Ball 1-0: Ground out 1-3 (Groundball, 13)
|
Batting: LHB Michael Landry
|
0-0: Ball 1-0: Swinging Strike 1-1: Swinging Strike 1-2: Foul Ball, location: 2F 1-2: Ground out 4-3 (Groundball, 4)
|
Batting: SHB Fernando Luna
|
0-0: Ball 1-0: Swinging Strike 1-1: Foul Ball, location: 2F 1-2: Ball 2-2: Foul Ball, location: 2F 2-2: Ball 3-2: Strikes out swinging
|
Top of the 7th over - 0 run(s), 0 hit(s), 0 error(s), 0 left on base; Athletic Club KC 4 - Idaho Falls 1 |
BOTTOM OF THE 7TH |
Idaho Falls Chukars batting - Pitching for Athletic Club KC U-21 : RHP Haden Pittman
|
Batting: RHB Ted Stephens
|
0-0: Called Strike 0-1: Ball 1-1: SOLO HOME RUN (Flyball, 7D), Distance : 419 ft
|
Batting: LHB Magali Lenidas
|
0-0: Ball 1-0: Swinging Strike 1-1: Fly out, F8 (Flyball, 8RS)
|
Batting: RHB Fernando Granados
|
0-0: Called Strike 0-1: Foul Ball, location: 2F 0-2: Foul Ball, location: 2F 0-2: Foul Ball, location: 2F 0-2: Ball 1-2: Strikes out swinging
|
Batting: LHB Randy Schlosser
|
0-0: Ball 1-0: Foul Ball, location: 2F 1-1: Called Strike 1-2: Ground out 5-3 (Groundball, 5S)
|
Bottom of the 7th over - 1 run(s), 1 hit(s), 0 error(s), 0 left on base; Athletic Club KC 4 - Idaho Falls 2 |
TOP OF THE 8TH |
Athletic Club KC U-21 batting - Pitching for Idaho Falls Chukars : RHP Shotaro Sugahara
|
Batting: LHB Naohiro Sakai
|
0-0: Ball 1-0: Ground out 4-3 (Groundball, 4)
|
Batting: RHB Geoff Rivers
|
0-0: Ball 1-0: Foul Ball, location: 2F 1-1: Fly out, F4 (Popup, 4M)
|
Batting: SHB Eric Moore
|
0-0: Called Strike 0-1: Swinging Strike 0-2: Ball 1-2: Ground out 1-3 (Groundball, 15)
|
Top of the 8th over - 0 run(s), 0 hit(s), 0 error(s), 0 left on base; Athletic Club KC 4 - Idaho Falls 2 |
BOTTOM OF THE 8TH |
Idaho Falls Chukars batting - Pitching for Athletic Club KC U-21 : RHP Haden Pittman
|
Batting: RHB Jung-hwan Kwon
|
0-0: Called Strike 0-1: Called Strike 0-2: Ball 1-2: Ball 2-2: Ball 3-2: DOUBLE (Line Drive, 89M)
|
Pitching: LHP Alonso Muñíz
|
|
Batting: LHB Ned Durand
|
0-0: Ball 1-0: Called Strike 1-1: Ball 2-1: Foul Ball, location: 2F 2-2: Ground out 6-3 (Groundball, 6) Jung-hwan Kwon to third
|
Pitching: RHP Carlos Acosta
|
|
Batting: RHB Kenny Rush
|
0-0: DOUBLE (Line Drive, 78M) Jung-hwan Kwon scores
|
Pitching: LHP Sacco Brouwers
|
|
Batting: LHB Ramón Félix
|
0-0: Called Strike 0-1: Swinging Strike 0-2: Strikes out swinging
|
Pitching: RHP George Hampden
|
|
Batting: RHB Adrian Rodgers
|
0-0: Ground out 6-3 (Groundball, 6)
|
Bottom of the 8th over - 1 run(s), 2 hit(s), 0 error(s), 1 left on base; Athletic Club KC 4 - Idaho Falls 3 |
TOP OF THE 9TH |
Athletic Club KC U-21 batting - Pitching for Idaho Falls Chukars : RHP Shotaro Sugahara
|
Pitching: RHP Jim Unknown
|
|
Batting: RHB Iván Chacón
|
0-0: Called Strike 0-1: Swinging Strike 0-2: Strikes out looking
|
Batting: RHB Diego Bonilla
|
0-0: Ball 1-0: Called Strike 1-1: Called Strike 1-2: Ball 2-2: Strikes out swinging
|
Batting: RHB Aurelio Álvarez
|
0-0: Fly out, F8 (Flyball, 8RM)
|
Top of the 9th over - 0 run(s), 0 hit(s), 0 error(s), 0 left on base; Athletic Club KC 4 - Idaho Falls 3 |
BOTTOM OF THE 9TH |
Idaho Falls Chukars batting - Pitching for Athletic Club KC U-21 : RHP George Hampden
|
Pitching: RHP Lindsay Novak
|
|
Now at 2B: Domingo Gutiérrez
|
|
Pinch Hitting: LHB Jim Unknown
|
0-0: Ball 1-0: Foul Ball, location: 2F 1-1: Ball 2-1: Called Strike 2-2: Strikes out swinging
|
Batting: LHB Magali Lenidas
|
0-0: Ball 1-0: Ball 2-0: Foul Ball, location: 2F 2-1: SOLO HOME RUN (Flyball, 78XD), Distance : 433 ft
|
Pinch Hitting: RHB Carlos López
|
0-0: Ball 1-0: Ball 2-0: Ball 3-0: Called Strike 3-1: Fly out, F9 (Flyball, 89M)
|
Pinch Hitting: LHB Dave Watts
|
0-0: Ball 1-0: Called Strike 1-1: Called Strike 1-2: Ball 2-2: Ball 3-2: Foul Ball, location: 2F 3-2: Fly out, F7 (Flyball, 78M)
|
Bottom of the 9th over - 1 run(s), 1 hit(s), 0 error(s), 0 left on base; Athletic Club KC 4 - Idaho Falls 4 |
TOP OF THE 10TH |
Athletic Club KC U-21 batting - Pitching for Idaho Falls Chukars : RHP Jim Unknown
|
Now at 2B: Carlos López
|
|
Now in LF: Jim Unknown
|
|
Now in RF: Dave Watts
|
|
Batting: LHB Domingo Gutiérrez
|
0-0: Foul Ball, location: 2F 0-1: Ball 1-1: SINGLE (Groundball, 34D)
|
Batting: LHB Michael Landry
|
0-0: Called Strike 0-1: Ball 1-1: Foul Ball, location: 2F 1-2: Foul Ball, location: 2F 1-2: Ground out 3-1 (Groundball, 34) Domingo Gutiérrez to second
|
Batting: SHB Fernando Luna
|
0-0: Fly out, F4 (Popup, 4)
|
Batting: LHB Naohiro Sakai
|
0-0: Intentional Walk
|
Pinch Hitting: RHB Maurice Quinn
|
0-0: Called Strike 0-1: Foul Ball, location: 2F 0-2: Ball 1-2: Strikes out swinging
|
Top of the 10th over - 0 run(s), 1 hit(s), 0 error(s), 2 left on base; Athletic Club KC 4 - Idaho Falls 4 |
BOTTOM OF THE 10TH |
Idaho Falls Chukars batting - Pitching for Athletic Club KC U-21 : RHP Lindsay Novak
|
Now in RF: Brent Adams
|
|
Batting: RHB Jung-hwan Kwon
|
0-0: Called Strike 0-1: Swinging Strike 0-2: Strikes out looking
|
Batting: LHB Ned Durand
|
0-0: Foul Ball, location: 2F 0-1: Hit by Pitch
|
Pinch Runner at 1st Miguel Luna:
|
|
Pinch Hitting: RHB Gerardo Gonzáles
|
0-0: Foul Ball, location: 2F 0-1: Foul Ball, location: 2F 0-2: Ball 1-2: Strikes out swinging
|
Batting: LHB Ramón Félix
|
0-0: Ball 1-0: Called Strike 1-1: Ball 2-1: Swinging Strike 2-2: Strikes out looking
|
Bottom of the 10th over - 0 run(s), 0 hit(s), 0 error(s), 1 left on base; Athletic Club KC 4 - Idaho Falls 4 |
TOP OF THE 11TH |
Athletic Club KC U-21 batting - Pitching for Idaho Falls Chukars : RHP Jim Unknown
|
Pitching: RHP Jim Unknown
|
|
Now at 2B: Gerardo Gonzáles
|
|
Now in CF: Miguel Luna
|
|
Batting: SHB Eric Moore
|
0-0: Ball 1-0: Foul Ball, location: 2F 1-1: Swinging Strike 1-2: Foul Ball, location: 2F 1-2: Ball 2-2: Ball 3-2: Base on Balls
|
Batting: RHB Iván Chacón
|
0-0: Called Strike Eric Moore is caught stealing 2nd base 0-1: Swinging Strike 0-2: Foul Ball, location: 2F 0-2: Strikes out swinging
|
Batting: RHB Diego Bonilla
|
0-0: Called Strike 0-1: SINGLE (Flyball, 9M)
|
Batting: RHB Aurelio Álvarez
|
0-0: Swinging Strike 0-1: Called Strike Diego Bonilla steals 2nd base 0-2: Foul Ball, location: 2F 0-2: Strikes out looking
|
Top of the 11th over - 0 run(s), 1 hit(s), 0 error(s), 1 left on base; Athletic Club KC 4 - Idaho Falls 4 |
|